 Dungeon Crawl Stone Soup version 0.21.1-1-g345015f (webtiles) character file.

99 tester123 the Sneak (level 4, 0/30 HPs)
             Began as an Octopode Assassin on July 29, 2018.
             Slain by a phantom (4 damage)
             ... on level 2 of the Dungeon.
             The game lasted 00:06:17 (2161 turns).

tester123 the Sneak (Octopode Assassin)             Turns: 2161, Time: 00:06:17

Health: 0/30       AC:  1    Str: 10    XL:     4   Next: 72%
Magic:  4/4        EV: 13    Int: 13    God:
Gold:   96         SH:  0    Dex: 14    Spells: 3/3 levels left

rFire    . . .     SeeInvis .   a - +2 dagger
rCold    . . .     Gourm    .   (no shield)
rNeg     . . .     Faith    .   (helmet restricted)
rPois    .         Spirit   .   (no amulet)
rElec    .         Reflect  .   (no ring)
rCorr    .         Harm     .   (no ring)
MR       .....                  (no ring)
Stlth    ++++......             (no ring)
HPRegen  0.10/turn              (no ring)
MPRegen  0.09/turn              (no ring)
                                (no ring)
                                (no ring)

@: no status effects
A: almost no armour, stealthy swim, amphibious, 8 rings, constrict 8, camouflage
1, gelatinous body 1
a: no special abilities


You were on level 2 of the Dungeon.
You were hungry.

You visited 1 branch of the dungeon, and saw 3 of its levels.

You collected 96 gold pieces.

Inventory:

Hand Weapons
 a - a +2 dagger (weapon)
 b - a +0 blowgun
 j - a +0 short sword
Missiles
 c - 30 poisoned needles
 d - 2 curare-tipped needles
Scrolls
 e - a scroll of enchant weapon {unknown}
 h - a scroll of teleportation {unknown}
 i - a scroll of identify {unknown}
 l - a scroll of fog {unknown}
Potions
 g - a potion of magic {unknown}
 k - 2 potions of curing {unknown}
Comestibles
 f - 4 rations


   Skills:
 + Level 2.7 Fighting
 + Level 2.7 Short Blades
 - Level 2.0 Throwing
 + Level 2.0 Dodging
 * Level 6.6 Stealth


You had 3 spell levels left.
You didn't know any spells.

Dungeon Overview and Level Annotations

Branches:
Dungeon (3/15)

Altars:
Qazlal
Uskayaw

Annotations:
D:3 Alter's ghost, amateur DrFi; Sigmund


Innate Abilities, Weirdness & Mutations

You cannot wear most types of armour.
You are very stealthy in the water. (Stealth+)
You are amphibious.
You can wear up to eight rings at the same time.
You can use your tentacles to constrict eight enemies at once.
Your skin changes colour to match your surroundings (Stealth+).
Your rubbery body absorbs attacks. (AC +1, EV +1)


Message History

You are too injured to fight recklessly!
You are too injured to fight recklessly!
You are too injured to fight recklessly!
You are too injured to fight recklessly!
You hit the phantom.
The phantom is severely damaged.
The phantom closely misses you.
You hit the phantom. Your squeeze misses the phantom.
The phantom is almost destroyed.
The phantom blinks!
You hit the phantom but do no damage. Your squeeze misses the phantom.
The phantom is almost destroyed.
The phantom blinks!
The phantom blinks!
The phantom blinks!
You hit the phantom.
You squeeze the phantom, but do no damage.
The phantom is almost destroyed.
The phantom hits you.
You die...

#.................
#.#######....#####
#.#######...#.....
#.................
#.##.####..#.#####
#.##.####..#.# #
#.##.......#.# #
#>######..<#.# #
#@######...#.# #
#W.........#.# #
#.######..##.#
#.##......##.#####
#.##.###..........
#.##.###.###.#####
#.....##.# #.#
####..##.###.#####
#..#...##......


You could see a phantom.

Vanquished Creatures
  A worker ant (D:2)
  3 adders
  A worm (D:2)
  2 dart slugs
  2 leopard geckos
  An orc (D:3)
  2 bats
  A giant cockroach (D:2)
  8 goblins
  5 hobgoblins
  5 kobolds
  9 rats
40 creatures vanquished.

Notes
Turn   | Place    | Note
-------+----------+-------------------------------------------
     0 | D:1      | tester123 the Octopode Assassin began the quest for the Orb.
     0 | D:1      | Reached XP level 1. HP: 14/14 MP: 1/1
   349 | D:1      | Reached XP level 2. HP: 19/19 MP: 2/2
  1158 | D:2      | Reached skill level 6 in Stealth
  1158 | D:2      | Reached XP level 3. HP: 25/25 MP: 3/3
  1271 | D:2      | Found a hide-covered altar of Uskayaw.
  1275 | D:2      | Reached XP level 4. HP: 30/30 MP: 4/4
  1418 | D:2      | Found a stormy altar of Qazlal.
  1418 | D:2      | Noticed Sigmund
  1649 | D:3      | Noticed Alter's ghost (amateur DrFi)
  2121 | D:3      | Noticed a phantom
  2161 | D:2      | Slain by a phantom

Skill      XL: |  1  2  3  4 |
---------------+-------------+-----
Stealth        | 6 |  6.6
Dodging        | 2 |  2.0
Fighting       | |  2.7
Short Blades   | |  2.7
Throwing       | |  2.0

Action                   |  1- 3 |  4- 6 || total
-------------------------+-------+-------++-------
Melee: Dagger            |    40 |    33 ||    73
       Constrict         |     7 |     4 ||    11
       Tentacles         |     1 |     6 ||     7
 Stab: Sleeping          |    14 |    11 ||    25
  Eat: Chunk             |     1 |     2 ||     3
Dodge: Dodged            |    16 |    10 ||    26
